 Dungeon Crawl Stone Soup version 0.20.0-8-g6b59dc7 (webtiles) character file.

15 miragecloak the Insei (level 2, -5/18 HPs)
             Began as an Octopode Transmuter on June 2, 2017.
             Killed by nerve-wracking pain
             ... invoked by a shadow imp
             ... summoned by Natasha
              (6 damage)
             ... on level 2 of the Dungeon.
             The game lasted 00:00:23 (715 turns).

miragecloak the Insei (Octopode Transmuter)          Turns: 715, Time: 00:00:24

Health: -5/18      AC:  1    Str:  9    XL:     2   Next: 50%
Magic:  5/5        EV: 13    Int: 15    God:
Gold:   41         SH:  0    Dex: 12    Spells: 4/5 levels left

rFire    . . .     SeeInvis .     - Unarmed
rCold    . . .     Gourm    .   (no shield)
rNeg     . . .     Faith    .   (helmet restricted)
rPois    .         Spirit   .   (no amulet)
rElec    .         Reflect  .   (no ring)
rCorr    .         Harm     .   (no ring)
MR       .....                  (no ring)
Stlth    ++........             (no ring)
Regen    0.1/turn               (no ring)
MPRegen  0.1/turn               (no ring)
                                (no ring)
                                (no ring)

@: appendage (expiring), slowed, very slow
A: almost no armour, stealthy swim, amphibious, 8 rings, constrict 8, tentacle
spike 3, camouflage 1, gelatinous body 1
a: End Transformation


You were on level 2 of the Dungeon.
You were not hungry.
One of your tentacles had a temporary spike.
You visited 1 branch of the dungeon, and saw 2 of its levels.

You collected 41 gold pieces.

Inventory:

Missiles
 a - 53 arrows
Scrolls
 d - 2 scrolls of identify {unknown}
 h - a scroll of recharging {unknown}
 i - a scroll of enchant weapon {unknown}
Potions
 e - a potion of berserk rage {unknown}
 f - a potion of degeneration {unknown}
 g - 2 potions of cancellation {unknown}
 j - a potion of lignification {unknown}
Books
 b - a book of Changes

   Spells                             Type                      Level
   a - Beastly Appendage              Transmutation                1
   b - Sticks to Snakes               Transmutation                2
   c - Spider Form                    Transmutation/Poison         3
   d - Ice Form                       Ice/Transmutation            4
   e - Blade Hands                    Transmutation                5
Comestibles
 c - 4 bread rations


   Skills:
 - Level 1.0 Fighting
 - Level 2.0 Dodging
 - Level 3.0 Unarmed Combat
 - Level 2.0 Spellcasting
 + Level 3.0 Transmutations


You had 4 spell levels left.
You knew the following spells:

 Your Spells              Type           Power        Failure   Level  Hunger
a - Beastly Appendage     Tmut           ##....       6%          1    #......


Dungeon Overview and Level Annotations

Branches:
Dungeon (2/15)

Altars:

Annotations:
D:2 Natasha


Innate Abilities, Weirdness & Mutations

You cannot wear most types of armour.
You are very stealthy in the water. (Stealth+)
You are amphibious.
You can wear up to eight rings at the same time.
You can use your tentacles to constrict eight enemies at once.
Your skin changes colour to match your surroundings (Stealth+).
Your rubbery body absorbs attacks. (AC +1, EV +1)
One of your tentacles bears a large vicious spike.


Message History

The hobgoblin closely misses you.
You tentacle-slap Natasha but do no damage.
Your grab misses Natasha.
Natasha mumbles some strange words.
The hobgoblin hits you. Natasha closely misses you.
The hobgoblin completely misses you.
You are too injured to fight recklessly!
You are too injured to fight recklessly!
Natasha completely misses you.
Natasha mumbles some strange words.
You feel disoriented. The hobgoblin closely misses you. Natasha claws you.
The hobgoblin barely misses you.
Your transformation is almost over.
Natasha casts a spell at you. The magic dart hits you!
* * * LOW HITPOINT WARNING * * *
The shadow imp gestures at you. Pain shoots through your body!
You die...

..........##...........# #.#
.............#.........# #.#
...........###.........###.#
...........##.......##.....#
..........###.......#.......
..........# #...............
........gh###...............
#.#.##.#.5..#.............<.
#...#......@............†...
.........##.................
........##..####............
###... ..## ##..........#
.......# ####..##...#
.####.# #.. ##.## #. #. #.#
#


You could see Natasha, a shadow imp and a hobgoblin.

Vanquished Creatures
  A dart slug (D:1)
  3 giant cockroaches
  2 goblins (D:1)
  A bat (D:1)
  2 frilled lizards (D:1)
  5 rats
14 creatures vanquished.

Notes
Turn   | Place    | Note
-------+----------+-------------------------------------------
     0 | D:1      | miragecloak the Octopode Transmuter began the quest for the Orb.
     0 | D:1      | Reached XP level 1. HP: 13/13 MP: 3/3
   228 | D:1      | Reached XP level 2. HP: 15/18 MP: 3/5
   705 | D:2      | Noticed Natasha
   715 | D:2      | Killed from afar by a shadow imp

Skill      XL: |  1  2 |
---------------+-------+-----
Transmutations | 3 |  3.0
Fighting       | |  1.0
Dodging        | |  2.0
Unarmed Combat | |  3.0
Spellcasting   | |  2.0

Action                   || total
-------------------------++-------
Melee: Unarmed           ||    27
       Constrict         ||     6
       Kick              ||     3
       Tentacles         ||     3
 Cast: Beastly Appendage ||    13
 Stab: Sleeping          ||     4
Armor: Skin              ||     1
Dodge: Dodged            ||    17
